Map: Deathaura LE

Players

Neeb - Winner!

  • Race: Protoss Protoss
  • Spawn Location: 5:00

TYTY (TY)

  • Race: Terran Terran
  • Spawn Location: 11:00

Event: DreamHack SC2 Masters 2020 Winter

VOD

Have the link to the VOD?

Description

Time

  • Played on: Nov. 14, 2020, 8:50 a.m.
  • Length: 7:49

All games in this series

Show
View Real Time Build Order
Export as new Build Order

Neeb Protoss - Winner!

Build Orders: 1 Gate Expand, Phoenix Opening 

Get SALT Encoding   

  12  0:00  Probe  
  13  0:12  Probe  
  14  0:18  Pylon  
  14  0:24  Probe (Chrono Boost)  
  15  0:36  Probe (Chrono Boost)  
  15  0:39  Gateway  
  16  0:45  Probe (Chrono Boost)  
  16  0:46  Assimilator  
  17  0:51  Probe  
  18  1:03  Probe  
  19  1:15  Probe  
  20  1:26  Cybernetics Core  
  20  1:31  Nexus  
  20  1:38  Pylon  
  20  1:41  Probe  
  21  1:47  Assimilator  
  21  1:53  Probe  
  22  1:59  Adept (Chrono Boost)  
  22  2:05  Probe  
  25  2:12  Shield Battery  
  25  2:17  Probe  
  25  2:19  Stalker (Chrono Boost)  
  27  2:29  Probe  
  28  2:31  Shield Battery  
  28  2:33  Shield Battery  
  28  2:40  Stalker (Chrono Boost)  
  30  2:44  Probe  
  30  2:46  Probe  
  32  2:56  Probe  
  32  2:58  Shield Battery  
  33  3:01  Probe  
  33  3:05  Stalker (Chrono Boost)  
  36  3:09  Probe  
  36  3:10  Warp Gate  
  37  3:13  Probe  
  38  3:21  Probe  
  38  3:23  Robotics Facility  
  38  3:25  Probe  
  40  3:32  Sentry (Chrono Boost)  
  40  3:33  Probe  
  43  3:37  Pylon, Probe  
  44  3:45  Probe  
  45  3:49  Probe  
  46  3:55  Stalker  
  46  3:57  Pylon, Probe  
  46  3:58  Phoenix  
  50  4:05  Gateway  
  50  4:06  Gateway  
  50  4:09  Immortal (Chrono Boost)  
  50  4:14  Probe  
  54  4:20  Pylon  
  54  4:21  Probe  
  55  4:26  Probe  
  55  4:30  Robotics Bay  
  56  4:32  Assimilator  
  56  4:33  Assimilator  
  56  4:36  Probe  
  57  4:39  Observer (Chrono Boost)  
  57  4:40  Probe  
  57  4:42  Pylon  
  59  4:48  Probe  
  59  4:52  Warp Prism (Chrono Boost)  
  60  4:53  Probe  
  63  5:10  Pylon  
  63  5:14  Forge  
  63  5:18  Gravitic Drive (Chrono Boost), Twilight Council  
  63  5:20  Disruptor  
  66  5:26  Shield Battery  
  66  5:32  Stalker  
  66  5:34  Probe  
  69  5:42  Probe  
  70  5:50  Sentry  
  70  5:54  Nexus, Probe  
  70  5:56  Pylon  
  73  6:00  Colossus (Chrono Boost)  
  79  6:04  Zealot x2  
  79  6:06  Probe x2  
  85  6:18  Probe x2  
  87  6:30  Probe  
  87  6:31  Gateway  
  87  6:32  Gateway  
  88  6:33  Gateway, Probe  
  88  6:37  Templar Archives  
  89  6:42  Shield Battery  
  89  6:43  Probe  
  89  6:45  Probe  
  91  6:54  Pylon  
  91  6:55  Observer  
  91  6:57  Pylon  
  92  7:04  Probe  
  88  7:13  Probe  
Show
View Real Time Build Order
Export as new Build Order

TYTY Terran 

Build Orders:  

Get SALT Encoding   

  12  0:00  SCV  
  13  0:12  SCV  
  14  0:17  Supply Depot  
  14  0:24  SCV  
  15  0:40  Barracks  
  15  0:47  Barracks  
  15  0:53  Refinery  
  15  0:57  SCV  
  16  1:06  Supply Depot  
  16  1:28  Orbital Command  
  16  1:29  Barracks Tech Lab  
  16  1:34  Marine  
  17  1:48  Marauder  
  17  1:52  Marine  
  20  1:59  Concussive Shells  
  20  2:00  SCV  
  21  2:09  Marauder  
  21  2:10  Marine  
  21  2:13  SCV  
  25  2:25  SCV  
  25  2:27  Supply Depot  
  25  2:28  Marine  
  27  2:31  Marauder  
  29  2:37  SCV  
  30  2:49  SCV  
  30  2:52  Marauder  
  33  3:01  SCV  
  33  3:05  Factory  
  32  3:10  Marine  
  32  3:12  Refinery  
  32  3:13  SCV  
  34  3:25  SCV  
  35  3:31  Supply Depot  
  34  3:37  SCV  
  37  3:48  Hellion  
  37  3:50  Starport  
  39  4:10  Hellion  
  39  4:11  Command Center  
  39  4:14  SCV  
  39  4:15  Barracks Reactor  
  40  4:26  Medivac  
  45  4:31  Hellion  
  45  4:32  Barracks Tech Lab  
  45  4:33  Supply Depot  
  45  4:35  SCV  
  45  4:47  SCV  
  45  4:52  Marine  
  47  4:53  Stimpack  
  47  4:54  Marine x2  
  49  5:00  Factory Reactor  
  49  5:02  SCV  
  50  5:09  Marine  
  50  5:12  Marine x2  
  53  5:17  SCV  
  54  5:23  Orbital Command  
  54  5:27  Armory  
  54  5:28  Marine  
  55  5:40  Marine, Marauder  
  51  5:44  Widow Mine x2  
  51  5:45  Medivac  
  51  5:46  Marine  
  57  5:51  SCV x2  
  59  6:00  Supply Depot  
  59  6:03  SCV x2  
  61  6:05  Marine x2  
  61  6:07  Widow Mine  
  65  6:15  SCV, Medivac  
  69  6:18  SCV  
  69  6:25  Marine x2, Marauder  
  66  6:28  SCV  
  66  6:30  SCV  
  66  6:31  Widow Mine x2  
  72  6:39  Supply Depot  
  72  6:40  Supply Depot  
  72  6:41  SCV  
  73  6:49  Marine  
  73  6:50  Marauder  
  73  6:52  Widow Mine, SCV  
  78  7:00  Widow Mine, Medivac  
  82  7:03  Marine  
  82  7:07  Marine  
  84  7:11  Marauder  
Tags
 
Add a new tag
Caveats
  • Supply blocks, unpowered buildings, or Contaminate may cause inaccurate times.
  • Supply counts are checked every 10 seconds.